 Dungeon Crawl Stone Soup version 0.30-a0-141-g30f27751c5 (webtiles) character file.

Game seed: 17738432283285295198

1206 qw the Chopper (level 8, -10/49 HPs)
             Began as a Gargoyle Fighter on Sept 25, 2022.
             Mangled by an ice beast (11 damage)
             ... on level 5 of the Dungeon.
             The game lasted 00:02:15 (5533 turns).

qw the Chopper (Gargoyle Fighter)                   Turns: 5533, Time: 00:02:15

Health: -10/49     AC: 15    Str: 23    XL:     8   Next: 45%
Magic:  8/8        EV:  6    Int:  8    God:
Gold:   237        SH:  9    Dex:  9    Spells: 7/7 levels left

rFire   . . .      SeeInvis .    Y - +0 war axe
rCold   . . .      Faith    .    e - +0 kite shield
rNeg    + . .      Spirit   .    m - +0 chain mail
rPois   inf        Reflect  .    (no helmet)
rElec   +          Harm     .    (no cloak)
rCorr   .          Rampage  .    g - +0 pair of gloves
Will    .....                    (no boots)
Stlth   ..........               (no amulet)
HPRegen 0.16/turn                (no ring)
MPRegen 0.11/turn                (no ring)

@: no status effects
A: sickness immunity, AC +5, negative energy resistance 1, electricity
resistance, torment resistance 1, petrification resistance
a: no special abilities


You were on level 5 of the Dungeon.
You visited 2 branches of the dungeon, and saw 6 of its levels.

You collected 237 gold pieces.


Innate Abilities, Weirdness & Mutations

You are immune to sickness and miasma.
Your stone body is resilient. (AC +5)
You are immune to poison.
You resist negative energy. (rN+)
You are resistant to electric shocks. (rElec)
You are resistant to unholy torment.
You are immune to petrification.


   Skills:
 - Level 5.1 Fighting
 - Level 7.0 Axes
 - Level 3.2 Armour
 - Level 1.7 Dodging
 + Level 6.2 Shields


You had 7 spell levels left.
You didn't know any spells.
Your spell library was empty.

Inventory:

Hand Weapons
 n - a +0 flail
 Y - a +0 war axe (weapon)
Armour
 e - a +0 kite shield (worn)
 g - a +0 pair of gloves (worn)
 m - a +0 chain mail (worn)
Scrolls
 c - 3 scrolls of identify
Potions
 b - a potion of haste {unknown}
 d - 3 potions of might
 h - a potion of curing
 j - 2 potions of attraction
 k - a potion of cancellation {unknown}
 l - a potion of ambrosia {unknown}
 o - a potion of invisibility {unknown}
 p - a potion of lignification

Dungeon Overview and Level Annotations

Branches:
Dungeon (5/15)             Temple (1/1) D:4

Altars:
Ashenzari
Cheibriados
Dithmenos
Elyvilon
Fedhas
Hepliaklqana
Kikubaaqudgha
Makhleb
Ru
Sif Muna
Trog
Uskayaw
Vehumet
Xom
Yredelemnul
Zin

Annotations:
D:3 1 runed translucent door, Crazy Yiuf


Message History

You start resting.
A gnoll is nearby!
The gnoll shouts!
The gnoll hits you from afar with a +0 halberd.
You block the gnoll's attack.
You slash the gnoll!
You kill the gnoll!
You start resting.
HP restored.
An ice beast comes into view.
Found 12 gold pieces.
You hit the ice beast.
The ice beast is lightly wounded.
The ice beast hits you. The ice beast freezes you!
You hit the ice beast.
The ice beast is lightly wounded.
The ice beast hits you. The ice beast freezes you!
You block the ice beast's attack.
You slash the ice beast!
The ice beast is heavily wounded.
The ice beast hits you but does no damage.
You hit the ice beast.
The ice beast is severely wounded.
The ice beast hits you. The ice beast freezes you!
You hit the ice beast.
The ice beast is almost dead.
The ice beast hits you but does no damage.
You closely miss the ice beast.
The ice beast is almost dead.
The ice beast closely misses you. You block the ice beast's attack.
You hit the ice beast but do no damage.
The ice beast is almost dead.
The ice beast hits you. The ice beast freezes you!
You hit the ice beast but do no damage.
The ice beast is almost dead.
You block the ice beast's attack.
You hit the ice beast but do no damage.
The ice beast is almost dead.
The ice beast hits you. The ice beast freezes you!
You die...

..................#.#.#
..................#....
.........#............%.
.......##...##.###.#...#
.............[..........
......).#.##....#.......
$.........###...####...#
......##...##..... #...#
#...Y@##.##..##..#.#.#
#.###.##.##... #.#.#.. .
#.##.###..# ...###
#..#.# #.. .... ##....
.. .. ##.# #..


You could see an ice beast.

Vanquished Creatures
  Sigmund (D:3)
  Eustachio (D:5)
  Duvessa (D:5)
  An ice beast (D:5)
  An ogre (D:4)
  A black bear (D:5)
  Dowan (D:5)
  A jelly (D:4)
  3 hounds
  An iguana (D:5)
  2 orc wizards (D:5)
  5 adders
  15 gnolls
  An ufetubus (D:4)
  A worm (D:3)
  3 dart slugs (D:2)
  12 orcs
  3 bats
  7 endoplasms
  2 giant cockroaches
  11 goblins
  4 hobgoblins
  4 jackals (D:4)
  7 kobolds
  5 quokkas
  8 ball pythons
  2 frilled lizards (D:3)
  4 rats
  2 rat zombies (D:4)
110 creatures vanquished.

Notes
Turn   | Place    | Note
-------+----------+-------------------------------------------
     0 | D:1      | qw the Gargoyle Fighter began the quest for the Orb.
     0 | D:1      | Reached XP level 1. HP: 14/14 MP: 1/1
     0 | D:1      | 0 ||| qw: Version: 0.2-a-10-g399e6c4
     0 | D:1      | 0 ||| qw: Game counter: 234
     0 | D:1      | 0 ||| qw: Always use a shield: true
     0 | D:1      | 0 ||| qw: God list: Okawaru
     0 | D:1      | 0 ||| qw: Allow faded altars: false
     0 | D:1      | 0 ||| qw: Do Orc after D:15 true
     0 | D:1      | 0 ||| qw: Do second Lair branch before Depths: true
     0 | D:1      | 0 ||| qw: Lair rune preference: random
     0 | D:1      | 0 ||| qw: Plans: Normal, Zot:1-4, God:TSO, Crypt, Tomb,
                  | Pan, Slime:5, Hells, Abyss, Orb
     0 | D:1      | 0 ||| PLANNING D:1-11
   148 | D:1      | Reached skill level 2 in Axes
   250 | D:1      | Reached XP level 2. HP: 19/19 MP: 2/2
   835 | D:1      | 835 ||| UPGRADING to +0 kite shield.
   845 | D:1      | 845 ||| DROPPING +0 buckler.
   846 | D:1      | 846 ||| UPGRADING to +0 pair of gloves.
   851 | D:1      | 851 ||| READING 2 scrolls labelled MENGOINOYL.
   856 | D:1      | 856 ||| READING scroll labelled NUIRUTS POIPSI.
   857 | D:1      | 857 ||| DRINKING 2 yellow potions.
   903 | D:2      | Found a broken altar of Ashenzari.
   916 | D:2      | Reached skill level 3 in Axes
   926 | D:2      | Reached XP level 3. HP: 20/23 MP: 3/3
   999 | D:2      | 999 ||| Stepping ~*~*~tactically~*~*~ (stealth).
  1163 | D:2      | 1163 ||| Stepping ~*~*~tactically~*~*~ (hiding).
  1344 | D:2      | 1344 ||| FLEEEEING.
  1407 | D:2      | 1407 ||| Stepping ~*~*~tactically~*~*~ (hiding).
  1583 | D:2      | Reached XP level 4. HP: 28/28 MP: 4/4
  1750 | D:2      | 1750 ||| UPGRADING to +0 chain mail.
  1760 | D:2      | 1760 ||| DROPPING +0 scale mail.
  1761 | D:2      | 1761 ||| READING scroll labelled COSUKHLANIC.
  1762 | D:2      | 1762 ||| READING 2 scrolls of identify.
  1762 | D:2      | 1762 ||| IDENTIFYING sedimented golden potion
  1787 | D:3      | 1787 ||| STAIRDANCE
  1812 | D:3      | 1812 ||| STAIRDANCE
  1852 | D:3      | 1852 ||| STAIRDANCE
  1857 | D:3      | 1857 ||| STAIRDANCE
  2031 | D:3      | 2031 ||| STAIRDANCE
  2147 | D:3      | 2147 ||| Stepping ~*~*~tactically~*~*~ (hiding).
  2167 | D:3      | Reached skill level 4 in Axes
  2262 | D:3      | Identified the +3 hand axe "Efiadenk" {drain, MP+9}
  2264 | D:3      | 2264 ||| DROPPING +3 hand axe "Efiadenk" {drain, MP+9}.
  2306 | D:3      | Reached XP level 5. HP: 25/32 MP: 5/5
  2586 | D:3      | 2586 ||| Stepping ~*~*~tactically~*~*~ (stealth).
  2639 | D:3      | Noticed Sigmund
  2648 | D:3      | 2648 ||| DRINKING 2 potions of curing.
  2648 | D:3      | 2648 ||| (to cure confusion)
  2656 | D:3      | Killed Sigmund
  2657 | D:3      | Reached skill level 6 in Shields
  2657 | D:3      | Reached XP level 6. HP: 26/37 MP: 6/6
  2800 | D:3      | 2800 ||| Stepping ~*~*~tactically~*~*~ (stealth).
  2826 | D:3      | Found a runed translucent door.
  2827 | D:3      | Noticed Crazy Yiuf
  2859 | D:3      | 2859 ||| Stepping ~*~*~tactically~*~*~ (hiding).
  2872 | D:3      | 2872 ||| FLEEEEING.
  2873 | D:3      | 2873 ||| FLEEEEING.
  2874 | D:3      | 2874 ||| FLEEEEING.
  2875 | D:3      | 2875 ||| FLEEEEING.
  2876 | D:3      | 2876 ||| FLEEEEING.
  2877 | D:3      | 2877 ||| FLEEEEING.
  2878 | D:3      | 2878 ||| FLEEEEING.
  2879 | D:3      | 2879 ||| FLEEEEING.
  2880 | D:3      | 2880 ||| FLEEEEING.
  2881 | D:3      | 2881 ||| FLEEEEING.
  2882 | D:3      | 2882 ||| FLEEEEING.
  2883 | D:3      | 2883 ||| FLEEEEING.
  2884 | D:3      | 2884 ||| FLEEEEING.
  2885 | D:3      | 2885 ||| FLEEEEING.
  2886 | D:3      | 2886 ||| FLEEEEING.
  2887 | D:3      | 2887 ||| FLEEEEING.
  2888 | D:3      | 2888 ||| FLEEEEING.
  2889 | D:3      | 2889 ||| FLEEEEING.
  2890 | D:3      | 2890 ||| FLEEEEING.
  2891 | D:3      | 2891 ||| FLEEEEING.
  2892 | D:3      | 2892 ||| FLEEEEING.
  2893 | D:3      | 2893 ||| FLEEEEING.
  2894 | D:3      | 2894 ||| FLEEEEING.
  2895 | D:3      | 2895 ||| FLEEEEING.
  2896 | D:3      | 2896 ||| FLEEEEING.
  2897 | D:3      | 2897 ||| FLEEEEING.
  2898 | D:3      | 2898 ||| FLEEEEING.
  2899 | D:3      | 2899 ||| FLEEEEING.
  2900 | D:3      | 2900 ||| FLEEEEING.
  2901 | D:3      | 2901 ||| FLEEEEING.
  2902 | D:3      | 2902 ||| STAIRDANCE
  2931 | D:2      | 2931 ||| READING scroll labelled VORYS EGUVUCO.
  2932 | D:2      | 2932 ||| DRINKING 2 golden potions.
  2933 | D:2      | 2933 ||| DRINKING 2 emerald potions.
  2969 | D:3      | 2969 ||| STAIRDANCE
  2980 | D:2      | 2980 ||| DROPPING +0 whip.
  2984 | D:3      | 2984 ||| STAIRDANCE
  3019 | D:3      | 3019 ||| STAIRDANCE
  3249 | D:3      | 3249 ||| FLEEEEING.
  3250 | D:3      | 3250 ||| FLEEEEING.
  3251 | D:3      | 3251 ||| FLEEEEING.
  3252 | D:3      | 3252 ||| FLEEEEING.
  3253 | D:3      | 3253 ||| FLEEEEING.
  3254 | D:3      | 3254 ||| FLEEEEING.
  3255 | D:3      | 3255 ||| FLEEEEING.
  3256 | D:3      | 3256 ||| FLEEEEING.
  3257 | D:3      | 3257 ||| FLEEEEING.
  3259 | D:3      | 3259 ||| FLEEEEING.
  3260 | D:3      | 3260 ||| FLEEEEING.
  3261 | D:3      | 3261 ||| FLEEEEING.
  3262 | D:3      | 3262 ||| FLEEEEING.
  3263 | D:3      | 3263 ||| FLEEEEING.
  3264 | D:3      | 3264 ||| FLEEEEING.
  3265 | D:3      | 3265 ||| FLEEEEING.
  3266 | D:3      | 3266 ||| FLEEEEING.
  3267 | D:3      | 3267 ||| FLEEEEING.
  3268 | D:3      | 3268 ||| FLEEEEING.
  3269 | D:3      | 3269 ||| FLEEEEING.
  3270 | D:3      | 3270 ||| FLEEEEING.
  3271 | D:3      | 3271 ||| FLEEEEING.
  3272 | D:3      | 3272 ||| FLEEEEING.
  3273 | D:3      | 3273 ||| FLEEEEING.
  3274 | D:3      | 3274 ||| FLEEEEING.
  3275 | D:3      | 3275 ||| STAIRDANCE
  3414 | D:3      | 3414 ||| Stepping ~*~*~tactically~*~*~ (stealth).
  3711 | D:4      | 3711 ||| Stepping ~*~*~tactically~*~*~ (stealth).
  3713 | D:4      | 3713 ||| Stepping ~*~*~tactically~*~*~ (stealth).
  3739 | D:4      | Reached skill level 5 in Axes
  3921 | D:4      | Reached XP level 7. HP: 43/43 MP: 7/7
  3982 | D:4      | Found a staircase to the Ecumenical Temple.
  3983 | D:4      | 3983 ||| PLANNING TEMPLE
  3983 | D:4      | 3983 ||| READING scroll labelled IMOOSS GUOHUWN.
  3986 | D:4      | 3986 ||| FLEEEEING.
  3997 | D:4      | 3997 ||| FLEEEEING.
  3998 | D:4      | 3998 ||| FLEEEEING.
  3999 | D:4      | 3999 ||| STAIRDANCE
  4029 | D:4      | 4029 ||| STAIRDANCE
  4096 | D:4      | 4096 ||| Stepping ~*~*~tactically~*~*~ (stealth).
  4102 | Temple   | Entered the Ecumenical Temple
  4306 | Temple   | 4306 ||| PLANNING D:1-11
  4326 | D:4      | 4326 ||| Stepping ~*~*~tactically~*~*~ (stealth).
  4597 | D:4      | Found an ancient bone altar of Kikubaaqudgha.
  4604 | D:4      | 4604 ||| READING 3 scrolls of identify.
  4604 | D:4      | 4604 ||| IDENTIFYING cyan potion
  4605 | D:4      | 4605 ||| READING 2 scrolls of identify.
  4605 | D:4      | 4605 ||| IDENTIFYING black potion
  4606 | D:4      | 4606 ||| DROPPING potion of brilliance.
  4607 | D:4      | 4607 ||| DROPPING potion of degeneration.
  4647 | D:5      | Entered Level 5 of the Dungeon
  4655 | D:5      | 4655 ||| Stepping ~*~*~tactically~*~*~ (stealth).
  4656 | D:5      | 4656 ||| Stepping ~*~*~tactically~*~*~ (stealth).
  4783 | D:5      | Reached skill level 6 in Axes
  4867 | D:5      | Noticed Duvessa
  4867 | D:5      | Noticed Dowan
  4868 | D:5      | 4868 ||| Stepping ~*~*~tactically~*~*~ (stealth).
  4870 | D:5      | 4870 ||| Stepping ~*~*~tactically~*~*~ (hiding).
  4877 | D:5      | Killed Duvessa
  4878 | D:5      | Reached skill level 1 in Dodging
  4888 | D:5      | Killed Dowan
  4889 | D:5      | Reached XP level 8. HP: 29/48 MP: 8/8
  5021 | D:5      | 5021 ||| Stepping ~*~*~tactically~*~*~ (hiding).
  5022 | D:5      | 5022 ||| Stepping ~*~*~tactically~*~*~ (hiding).
  5032 | D:5      | 5032 ||| Stepping ~*~*~tactically~*~*~ (stealth).
  5033 | D:5      | 5033 ||| Stepping ~*~*~tactically~*~*~ (stealth).
  5192 | D:5      | Found a broken altar of Ashenzari.
  5202 | D:5      | Noticed Eustachio
  5215 | D:5      | Killed Eustachio
  5216 | D:5      | Reached skill level 7 in Axes
  5361 | D:5      | HP: 11/49 [gnoll/+0 halberd (5)]
  5362 | D:5      | 5362 ||| READING scroll of teleportation.
  5363 | D:5      | 5363 ||| DRINKING potion of heal wounds.
  5531 | D:5      | HP: 2/49 [ice beast (13)]
  5533 | D:5      | Mangled by an ice beast

Levels and vault maps discovered:
D:1:      kilobyte_arrival_exit_the_forest, layout_basic
D:2:      minmay_angry_zag, layout_rooms, basic_altar
D:3:      layout_loops_cross, chequers_serial_rivers_small_b, uniq_sigmund,
          uniq_crazy_yiuf_cottage
D:4:      layout_basic, lemuel_zombie_altar_kikubaaqudgha,
          minmay_temple_entry_statues_pillars
D:5:      layout_rooms, mainiacjoe_overflow_alcove_1,
          hellmonk_bongcloud_opening, grunt_decor_resistance, st_stairs_12,
          corexii_leaking_fountain, minmay_stone_trees_small, uniq_eustachio,
          uniq_duvessa
Temple:   eino_temple_water

Skill      XL: |  1  2  3  4  5  6  7  8 |
---------------+-------------------------+-----
Axes           | 2 3 4 5 6 7 |  7.0
Shields        | 4 6 |  6.2
Fighting       | 4 5 |  5.1
Dodging        | 1 |  1.7
Armour         | |  3.2

Action                   |  1- 3 |  4- 6 |  7- 9 || total
-------------------------+-------+-------+-------++-------
Melee: War axe           |    96 |   204 |   134 ||   434
  Use: Scroll            |     2 |     3 |     4 ||     9
       Potion            |     1 |     3 |     1 ||     5
Armor: Scale mail        |    54 |     4 |       ||    58
       Chain mail        |       |   137 |    77 ||   214
Dodge: Dodged            |    44 |    78 |    30 ||   152
Block: Kite shield       |    35 |   116 |    60 ||   211
       Buckler           |     1 |       |       ||     1

Table legend:
 A = Non-vault XP
 B = Vault XP
 C = Vault XP percentage of total XP
 D = Non-vault monster count
 E = Vault monster count
 F = Vault count percentage of total count
                 A         B        C        D         E       F
            +---------+---------+-------+---------+---------+-------
      Total |    1097 |     626 |  36.3 |     101 |       9 |   8.2
            +---------+---------+-------+---------+---------+-------
        D:1 |      23 |       0 |   0.0 |      13 |       0 |   0.0
        D:2 |     149 |       6 |   3.9 |      30 |       3 |   9.1
        D:3 |     122 |     206 |  62.8 |      25 |       1 |   3.8
        D:4 |     264 |       2 |   0.8 |      18 |       2 |  10.0
        D:5 |     539 |     412 |  43.3 |      15 |       3 |  16.7
            +---------+---------+-------+---------+---------+-------
